 Dungeon Crawl Stone Soup version 0.16.1 (webtiles) character file.

1485 Meow the Skirmisher (level 8, -4/58 HPs)
             Began as an Octopode Wizard on Mar 24, 2015.
             Was an Initiate of Okawaru.
             Slain by an ice beast (12 damage)
             ... on level 5 of the Dungeon.
             The game lasted 00:36:41 (7550 turns).

Meow the Skirmisher (Octopode Wizard)               Turns: 7550, Time: 00:36:41

Health: -4/58      AC:  2    Str:  6    XL:     8   Next: 79%
Magic:  14/16      EV: 12    Int: 23    God:    Okawaru [......]
Gold:   190        SH:  0    Dex: 10    Spells: 4 memorised, 5 levels left

rFire  . . .     SeeInvis .     a - +0 whip (flame)
rCold  . . .     Clarity  .     (no shield)
rNeg   . . .     SustAb   .     j - +1 hat
rPois  .         Gourm    .     p - amulet of faith
rElec  .         Spirit   .     (no ring)
rCorr  .         Warding  .     (no ring)
rMut   .         Stasis   .     (no ring)
MR     .....                    (no ring)
Stlth  +++.......               (no ring)
                                (no ring)
                                (no ring)
                                (no ring)

@: not resistant to hostile enchantments, fairly stealthy
A: almost no armour, amphibious, 8 rings, constrict 8, camouflage 1, gelatinous
body 1
a: Renounce Religion


You were on level 5 of the Dungeon.
You worshipped Okawaru.
Okawaru was noncommittal.
You were not hungry.

You visited 2 branches of the dungeon, and saw 7 of its levels.

You collected 190 gold pieces.

Inventory:

Hand weapons
 a - a +0 whip of flaming (weapon)
 b - a +0 mace of holy wrath
 g - a +0 short sword
Armour
 j - a +1 hat (worn)
Jewellery
 p - an amulet of faith (around mantle)
 s - an uncursed amulet of resist mutation
Scrolls
 e - 6 scrolls of identify
 i - a scroll of teleportation
 k - a scroll of remove curse
 l - 2 scrolls of noise {unknown}
 n - a scroll of fog {unknown}
 q - a scroll of recharging {unknown}
 r - a scroll of magic mapping {unknown}
 t - a scroll of amnesia {unknown}
Potions
 h - a potion of curing {unknown}
 m - a potion of cure mutation {unknown}
 v - a potion of agility {unknown}
Books
 c - a book of Minor Magic

   Spells                             Type                      Level
   a - Magic Dart                     Conjuration                  1
   b - Blink                          Translocation                2
   c - Call Imp                       Summoning                    2
   d - Repel Missiles                 Charms/Air                   2
   e - Slow                           Hexes                        2
   f - Conjure Flame                  Conjuration/Fire             3
   g - Mephitic Cloud                 Conjuration/Poison/Air       3
Comestibles
 d - 5 bread rations
 f - a slice of pizza
 o - a beef jerky
 u - 2 meat rations


   Skills:
 + Level 6.5 Fighting
 - Level 0.4 Short Blades
 - Level 2.6 Dodging
 - Level 2.6 Stealth
 + Level 6.0 Unarmed Combat
 - Level 3.0 Spellcasting
 - Level 5.0 Conjurations
   Level 1.0 Summonings
 - Level 1.0 Translocations


You had 5 spell levels left.
You knew the following spells:

 Your Spells              Type           Power        Failure   Level  Hunger
a - Magic Dart            Conj           ####         1%          1    None
c - Mephitic Cloud        Conj/Pois/Air  ##......     21%         3    ###....
r - Repel Missiles        Chrm/Air       #.....       21%         2    ##.....
t - Blink                 Tloc           N/A          14%         2    ##.....


Dungeon Overview and Level Annotations

Branches:
Dungeon (6/15)             Temple (1/1) D:4

Altars:
Dithmenos
Elyvilon
Fedhas
Gozag
Okawaru
Sif Muna
Zin
The Shining One

Annotations:
D:3 busb's ghost, average OpAM
D:4 exclusion: oklob plant
D:5 Prince Ribbit


Innate Abilities, Weirdness & Mutations

You cannot wear most types of armour.
You are amphibious.
You can wear up to eight rings at the same time.
You can use your tentacles to constrict many enemies at once.
Your skin changes colour to match your surroundings (Stealth).
Your rubbery body absorbs attacks (AC +1).


Message History

The ice beast is heavily wounded.
The ice beast hits you. The ice beast freezes you!
You barely miss the ice beast.
The ice beast is heavily wounded.
The ice beast closely misses you.
You hit the ice beast.
You melt the ice beast.
The ice beast is severely wounded.
The ice beast hits you but does no damage.
You hit the ice beast but do no damage.
Your tentacle-slap misses the ice beast.
The ice beast is severely wounded.
The ice beast hits you. The ice beast freezes you!
You barely miss the ice beast. Your squeeze misses the ice beast.
The ice beast is severely wounded.
The ice beast hits you. The ice beast freezes you!
* * * LOW HITPOINT WARNING * * *
The ice beast hits you.
* * * LOW HITPOINT WARNING * * *
The ice beast freezes you!
You die...

## .## # ..##
..# #..###
.... ##...##
.... ##...##
###..# ##...##
##...# #....#
##...## #....#
###@Y.##
#...##
##....## #...#
###....##
#...#
##.....##
#...###.....##
#......>.).##
#........###
##........#
###........##


You could see an ice beast.

Vanquished Creatures
  Pikel (D:6)
  Grinder (D:5)
  A phantom (D:5)
  An ogre (D:5)
  2 crimson imps
  A giant frog zombie (D:5)
  An iguana (D:4)
  A quasit (D:6)
  An orc priest (D:4)
  A centaur skeleton (D:6)
  An orc wizard (D:6)
  2 hounds
  3 worker ants
  Jessica (D:3)
  3 gnolls (D:5)
  3 giant mites
  5 adders
  3 shadow imps (D:5)
  2 worms
  4 giant geckos
  2 oozes
  15 orcs
  A bat skeleton (D:5)
  A bat zombie (D:5)
  15 giant cockroaches
  8 goblins
  9 hobgoblins
  13 jackals
  8 kobolds
  3 ball pythons
  12 bats
  A giant newt (D:2)
  A kobold zombie (D:5)
  7 quokkas
  A quokka skeleton (D:5)
  19 rats
  A butterfly (D:4)
155 creatures vanquished.

Vanquished Creatures (others)
  An ice beast (D:6)
  2 slaves (D:6)
  A giant gecko (D:6)
  A goblin (D:6)
  10 toadstools (D:4)
15 creatures vanquished.

Grand Total: 170 creatures vanquished

Notes
Turn   | Place    | Note
--------------------------------------------------------------
     0 | D:1      | Meow, the Octopode Wizard, began the quest for the Orb.
     0 | D:1      | Reached XP level 1. HP: 11/11 MP: 4/4
    60 | D:1      | Reached XP level 2. HP: 10/18 MP: 0/6
   224 | D:1      | Reached skill level 1 in Unarmed Combat
   250 | D:1      | Reached skill level 1 in Fighting
   334 | D:1      | Learned a level 2 spell: Blink
   637 | D:1      | Reached XP level 3. HP: 23/23 MP: 0/7
   644 | D:1      | Learned a level 2 spell: Repel Missiles
   648 | D:1      | Learned a level 3 spell: Mephitic Cloud
  1545 | D:2      | Reached XP level 4. HP: 29/29 MP: 6/9
  2404 | D:3      | Found a deep blue altar of Sif Muna.
  2504 | D:3      | Noticed Jessica
  2522 | D:3      | Killed Jessica
  2850 | D:3      | Noticed busb's ghost (average OpAM)
  3219 | D:4      | Reached XP level 5. HP: 32/36 MP: 11/11
  3714 | D:4      | Reached XP level 6. HP: 21/42 MP: 6/12
  3876 | D:4      | Found a staircase to the Ecumenical Temple.
  4050 | D:4      | Found a blossoming altar of Fedhas.
  4062 | D:4      | Noticed an oklob plant
  4438 | D:4      | Noticed a phantom
  4493 | D:5      | Entered Level 5 of the Dungeon
  4493 | D:5      | Found a shadowy altar of Dithmenos.
  4615 | D:5      | Reached skill level 4 in Fighting
  4620 | D:5      | Noticed Grinder
  4623 | D:5      | Paralysed by Grinder for 7 turns
  4624 | D:5      | Noticed Prince Ribbit
  4654 | D:5      | Paralysed by Grinder for 6 turns
  5193 | D:5      | Found a white marble altar of Elyvilon.
  5209 | D:5      | Found a glowing golden altar of the Shining One.
  5222 | D:5      | Reached XP level 7. HP: 46/48 MP: 10/14
  6111 | D:6      | Noticed Pikel
  6134 | D:6      | Killed Pikel
  6134 | D:6      | Reached skill level 5 in Fighting
  6134 | D:6      | Reached XP level 8. HP: 38/56 MP: 14/16
  6139 | D:6      | Reached skill level 5 in Unarmed Combat
  6364 | D:5      | Paralysed by Grinder for 4 turns
  6669 | Temple   | Entered the Ecumenical Temple
  6679 | Temple   | Became a worshipper of Warmaster Okawaru
  7053 | D:5      | Reached skill level 6 in Fighting
  7053 | D:5      | Reached skill level 5 in Conjurations
  7108 | D:5      | Found a glowing silver altar of Zin.
  7110 | D:5      | Found an opulent altar of Gozag.
  7339 | D:5      | Killed Grinder
  7550 | D:5      | Slain by an ice beast

Action                   |  1- 3 |  4- 6 |  7- 9 || total
-------------------------+-------+-------+-------++-------
Melee: Unarmed           |     4 |       |       ||     4
       Whip              |    15 |       |    53 ||    68
       Short sword       |    10 |   138 |    69 ||   217
 Cast: Magic Dart        |    82 |   180 |   137 ||   399
       Mephitic Cloud    |       |     3 |     6 ||     9
  Use: Scroll            |       |       |     5 ||     5
 Stab: Sleeping          |     1 |     1 |     1 ||     3
       Confused          |       |     4 |     2 ||     6
  Eat: Chunk             |     2 |    11 |     5 ||    18
       Beef jerky        |       |       |     2 ||     2
